 Dungeon Crawl Stone Soup version 0.22.1-2-g9c5b331383 (webtiles) character file.

13192 Revguard the Carver (level 11, -1/153 HPs)
             Began as a Minotaur Gladiator on Dec 15, 2018.
             Was a High Priest of the Shining One.
             Slain by Rupert
             ... wielding a +1 battleaxe of electrocution
              (16 damage)
             ... on level 12 of the Dungeon.
             The game lasted 00:40:21 (13259 turns).

Revguard the Carver (Minotaur Gladiator)           Turns: 13259, Time: 00:40:22

Health: -1/153     AC: 25    Str: 23      XL:     11   Next: 72%
Magic:  11/11      EV:  2    Int:  6 (7)  God:    the Shining One [*****.]
Gold:   309        SH:  0    Dex: 13 (14) Spells: 10/10 levels left

rFire    . . .     SeeInvis +   G - +1 scimitar (flame)
rCold    . . .     Gourm    .   (no shield)
rNeg     + + +     Faith    .   (armour currently unavailable)
rPois    +         Spirit   .   (helmet unavailable)
rElec    .         Reflect  .   (cloak currently unavailable)
rCorr    .         Harm     .   (gloves currently unavailable)
MR       .....     NoTele   +   (boots currently unavailable)
Stlth    +.........             (no amulet)
HPRegen  0.35/turn              j - +3 ring of strength
MPRegen  0.12/turn              r - ring of see invisible

@: tree-form, glowing
A: (retaliatory headbutt), clever 1, deterioration 1
a: Divine Shield, Cleansing Flame, Summon Divine Warrior, Renounce Religion


You were on level 12 of the Dungeon.
You worshipped the Shining One.
The Shining One was extremely pleased with you.
You were not hungry.
You were a tree.
You visited 2 branches of the dungeon, and saw 13 of its levels.
You also visited: Ossuary.

You collected 554 gold pieces.
You spent 245 gold pieces at shops.

Inventory:

Hand Weapons
 a - a +0 long sword
 G - a +1 scimitar of flaming (weapon)
Missiles
 d - 4 throwing nets (quivered)
Armour
 c - a +0 hat
 t - a +1 pair of gloves of archery (melded)
 z - a scarf of repulsion (melded)
 E - a +0 plate armour (melded)
Jewellery
 j - a +3 ring of strength (left branch)
 r - a ring of see invisible (right branch)
 u - an uncursed ring of protection from fire
 A - an uncursed amulet of the gourmand
Wands
 k - a wand of iceblast (18)
 x - a wand of polymorph (11)
 y - a wand of enslavement (6)
Scrolls
 b - 4 scrolls of fear
 h - 6 scrolls of remove curse
 i - 2 scrolls of amnesia
 m - 7 scrolls of teleportation
 o - 8 scrolls of identify
 p - 5 scrolls of noise
 q - 5 scrolls of immolation
 w - 2 scrolls of magic mapping
 B - a scroll of enchant armour
 J - 2 scrolls of random uselessness
 K - a scroll of holy word
Potions
 e - 5 potions of agility
 g - 5 potions of brilliance
 n - 6 potions of resistance
 s - a potion of lignification
 v - a potion of degeneration
 C - 4 potions of curing
 D - a potion of invisibility
 F - a potion of flight
 I - a potion of cancellation
Miscellaneous
 l - a sack of spiders
Comestibles
 f - 23 rations


   Skills:
 + Level 11.1 Fighting
 + Level 14.7 Long Blades
 - Level 2.0 Throwing
 + Level 10.5 Armour
 + Level 6.6 Dodging
 + Level 2.6 Evocations


You had 10 spell levels left.
You didn't know any spells.
Your spell library contained the following spells:

 Spells                   Type           Power        Failure   Level  Hunger
 Animate Skeleton         Necr           N/A          45%         1    ##.....
 Confusing Touch          Hex            #.....       45%         1    ##.....
 Freeze                   Ice            #...         45%         1    ##.....
 Pain                     Necr           #...         45%         1    ##.....
 Shock                    Conj/Air       #...         45%         1    ##.....
 Poisonous Vapours        Pois/Air       #.....       58%         2    ###....
 Swiftness                Chrm/Air       #.......     58%         2    ###....
 Throw Frost              Conj/Ice       #.....       58%         2    ###....
 Confuse                  Hex            #.......     83%         3    ####...
 Conjure Flame            Conj/Fire      #.......     83%         3    ####...
 Gell's Gravitas          Tloc           #.........   83%         3    ####...
 Mephitic Cloud           Conj/Pois/Air  #.......     83%         3    ####...
 Ozocubu's Armour         Chrm/Ice       #.......     83%         3    ####...
 Regeneration             Chrm/Necr      #.........   83%         3    ####...
 Static Discharge         Conj/Air       #.......     83%         3    ####...
 Vampiric Draining        Necr           #.........   83%         3    ####...
 Airstrike                Air            #.........   99%         4    #####..
 Animate Dead             Necr           N/A          99%         4    #####..
 Petrify                  Tmut/Erth      #.......     99%         4    #####..
 Summon Ice Beast         Ice/Summ       #.......     99%         4    #####..
 Throw Icicle             Conj/Ice       #.......     99%         4    #####..
 Lightning Bolt           Conj/Air       #.........   100%        5    ######.
 Metabolic Englaciation   Hex/Ice        #.........   100%        5    ######.
 Yara's Violent Unravell  Hex/Tmut       #.........   100%        5    ######.
 Freezing Cloud           Conj/Ice/Air   #.........   100%        6    #######
 Ring of Flames           Chrm/Fire      #.........   100%        7    #######


Dungeon Overview and Level Annotations

Branches:
Dungeon (12/15)            Temple (1/1) D:4            Lair (0/6) D:9
    Orc (0/2) D:9

Altars:
Ashenzari
Cheibriados
Dithmenos
Elyvilon
Fedhas
Gozag
Hepliaklqana
Kikubaaqudgha
Makhleb
Nemelex Xobeh
Okawaru
Qazlal
Ru
Sif Muna
Trog
Uskayaw
Vehumet
Wu Jian
Xom
Yredelemnul
Zin
The Shining One

Shops:
D:5 *   D:9 }%   D:11 *

Annotations:
D:12 Rupert


Innate Abilities, Weirdness & Mutations

((You reflexively headbutt those who attack you in melee.))
((You have a pair of large horns on your head.))
((You have large cloven feet.))
Your mind is acute. (Int +2)
Your body sometimes deteriorates upon taking damage.


Message History

Your +1 pair of gloves of archery melds into your body.
Your +0 plate armour melds into your body.
The haze of the repulsion field disappears.
Your aim is not that steady anymore.
Your roots penetrate the ground.
Rupert hits you but does no damage.
You slash Rupert! You burn Rupert.
Rupert is heavily wounded.
Rupert hits you but does no damage.
You are electrocuted!
* * * LOW HITPOINT WARNING * * *
You hit Rupert but do no damage.
Rupert is heavily wounded.
You slash Rupert! You burn Rupert.
Rupert is heavily wounded.
Rupert hits you but does no damage.
You slice Rupert!! You burn Rupert.
Rupert is severely wounded.
Rupert hits you with a battleaxe of electrocution!
* * * LOW HITPOINT WARNING * * *
You are electrocuted!
You die...

######
....########
.......#...
#.(........
#..#.....#
##..#.....#
#..(......#
#...@)....#
#.)♣#.....#
#>.(###.#@#
#..(# ....
##### ..#
... #


You could see Rupert (berserk).

Vanquished Creatures
  Erolcha (D:10)
  Erica (D:8)
  The ghost of H0rd4k the Slicer, a journeyman HuAr (D:10)
  2 two-headed ogres
  The ghost of Cykl0x the Blocker, a journeyman GrFi of Okawaru (D:10)
  3 death yaks (D:9)
  An oklob plant (D:6)
  A cyclops (D:12)
  Joseph (D:7)
  A freezing wraith (D:12)
  A troll (D:12)
  4 hippogriffs
  A wyvern (D:10)
  A hungry ghost (D:10)
  4 ice beasts
  4 orc warriors
  An eye of draining (D:11)
  3 phantoms
  3 ogres
  2 sky beasts
  2 centaurs
  5 bullfrogs
  2 wyvern zombies (Ossuary)
  4 orc priests
  4 scorpions
  5 killer bees (D:11)
  8 howler monkeys
  2 crimson imps
  6 bullfrog zombies
  3 centaur zombies (Ossuary)
  A quasit (D:10)
  3 bullfrog skeletons
  6 hounds
  A jelly (D:12)
  Crazy Yiuf (D:5)
  13 orc wizards
  4 iguanas
  2 hell rats (D:9)
  6 worker ants
  A hound skeleton (D:8)
  11 mummies (Ossuary)
  A howler monkey zombie (D:6)
  14 adders
  3 gnolls (D:6)
  A river rat (D:9)
  4 shadow imps
  3 oozes
  6 adder zombies
  5 worms
  9 leopard geckos
  31 orcs
  2 ball pythons
  7 giant cockroaches
  6 goblins
  9 hobgoblins
  11 jackals
  12 kobolds
  7 quokkas
  10 bats
  6 frilled lizards
  A giant cockroach zombie (Ossuary)
  A jackal zombie (D:8)
  A leopard gecko zombie (Ossuary)
  A quokka skeleton (D:6)
  A quokka zombie (Ossuary)
  9 rats
  8 plants (D:6)
  A withered plant (Ossuary)
297 creatures vanquished.

Vanquished Creatures (collateral kills)
  An ooze (D:3)
1 creature vanquished.

Vanquished Creatures (others)
  A centaur (D:7)
  A quasit (D:3)
  2 withered plants (D:10)
4 creatures vanquished.

Grand Total: 302 creatures vanquished

Notes
Turn   | Place    | Note
-------+----------+-------------------------------------------
     0 | D:1      | Revguard the Minotaur Gladiator began the quest for the
                  | Orb.
     0 | D:1      | Reached XP level 1. HP: 18/18 MP: 0/0
   261 | D:1      | Reached skill level 4 in Long Blades
   263 | D:1      | Reached XP level 2. HP: 22/25 MP: 1/1
   493 | D:1      | Reached XP level 3. HP: 27/30 MP: 2/2
   828 | D:2      | Reached skill level 1 in Armour
  1331 | D:2      | Reached XP level 4. HP: 24/37 MP: 3/3
  1333 | D:2      | Found a hide-covered altar of Uskayaw.
  1917 | D:3      | Found a transporter.
  2217 | D:3      | Found a transporter.
  2260 | D:3      | Reached skill level 5 in Long Blades
  2376 | D:3      | Found a deep blue altar of Sif Muna.
  2428 | D:3      | Reached XP level 5. HP: 29/45 MP: 4/4
  3321 | D:4      | Found a sparkling altar of Nemelex Xobeh.
  3379 | D:4      | Noticed a phantom
  3415 | D:4      | Killed a phantom
  3415 | D:4      | Reached skill level 1 in Evocations
  3415 | D:4      | Reached XP level 6. HP: 17/52 MP: 5/5
  3698 | D:4      | Reached skill level 6 in Long Blades
  3954 | D:4      | Found a staircase to the Ecumenical Temple.
  3971 | Temple   | Entered the Ecumenical Temple
  4053 | Temple   | Became a worshipper of the Shining One
  4377 | D:4      | Found a burning altar of Makhleb.
  4427 | D:5      | Entered Level 5 of the Dungeon
  4622 | D:5      | Reached XP level 7. HP: 51/59 MP: 7/7
  4692 | D:5      | Found Gozag's Platinum Reserve.
  4692 | D:5      | Found an opulent altar of Gozag.
  5014 | D:5      | Found a runed door.
  5018 | D:5      | Noticed Crazy Yiuf
  5021 | D:5      | Killed Crazy Yiuf
  5378 | D:6      | Reached skill level 5 in Dodging
  5382 | D:6      | Reached * piety under the Shining One
  5405 | D:6      | Reached skill level 7 in Long Blades
  5410 | D:6      | HP: 3/60 [bullfrog (1)]
  5497 | D:6      | Reached skill level 5 in Fighting
  5675 | D:6      | Found a sand-covered staircase.
  5705 | Ossuary  | Entered an ossuary
  5725 | Ossuary  | Reached ** piety under the Shining One
  5738 | Ossuary  | Reached skill level 8 in Long Blades
  5738 | Ossuary  | Reached XP level 8. HP: 60/68 MP: 8/8
  6182 | Ossuary  | Reached *** piety under the Shining One
  6372 | Ossuary  | Reached skill level 9 in Long Blades
  6472 | Ossuary  | Gained mutation: You are weak. (Str -2) [potion of
                  | mutation]
  6472 | Ossuary  | Gained mutation: You are somewhat resistant to further
                  | mutation. [potion of mutation]
  6472 | Ossuary  | Gained mutation: You are agile. (Dex +2) [potion of
                  | mutation]
  6645 | D:6      | Found a deep blue altar of Sif Muna.
  7032 | D:6      | Found a blossoming altar of Fedhas.
  7053 | D:6      | Noticed an oklob plant
  7406 | D:6      | Killed an oklob plant
  7406 | D:6      | Reached skill level 10 in Long Blades
  7406 | D:6      | Reached XP level 9. HP: 58/78 MP: 9/9
  7497 | D:7      | Reached skill level 5 in Armour
  7822 | D:7      | Noticed Joseph
  7841 | D:7      | Killed Joseph
  7841 | D:7      | Reached skill level 11 in Long Blades
  8901 | D:8      | Noticed Erica
  8913 | D:8      | Killed Erica
  8913 | D:8      | Reached skill level 12 in Long Blades
  8913 | D:8      | Reached XP level 10. HP: 33/90 MP: 10/10
  9497 | D:8      | Reached **** piety under the Shining One
 10004 | D:9      | Found a staircase to the Orcish Mines.
 10048 | D:9      | Found Kosh's Gadget Shoppe.
 10071 | D:9      | Noticed a two-headed ogre
 10081 | D:9      | Killed a two-headed ogre
 10081 | D:9      | Reached skill level 13 in Long Blades
 10351 | D:9      | Found Ynimahos's Food Shoppe.
 10363 | D:9      | Bought a ration for 65 gold pieces
 10363 | D:9      | Bought a ration for 65 gold pieces
 10363 | D:9      | Bought a ration for 65 gold pieces
 10391 | D:9      | Noticed a death yak
 10393 | D:9      | Noticed a death yak
 10409 | D:9      | Killed a death yak
 10422 | D:9      | Killed a death yak
 10663 | D:9      | Found a staircase to the Lair.
 10666 | D:9      | Noticed a death yak
 10690 | D:9      | Killed a death yak
 10690 | D:9      | Reached XP level 11. HP: 33/97 MP: 11/11
 10895 | D:9      | Found an opulent altar of Gozag.
 11270 | D:10     | Entered Level 10 of the Dungeon
 11270 | D:10     | Noticed a two-headed ogre
 11276 | D:10     | Found a runed gate.
 11276 | D:10     | Found a runed gate.
 11276 | D:10     | Found a runed gate.
 11276 | D:10     | Noticed Cykl0x's ghost (journeyman GrFi)
 11277 | D:10     | Noticed H0rd4k's ghost (journeyman HuAr)
 11308 | D:10     | Killed a two-headed ogre
 11308 | D:10     | Reached skill level 14 in Long Blades
 11383 | D:10     | Killed Cykl0x's ghost
 11383 | D:10     | Reached skill level 10 in Fighting
 11412 | D:10     | Killed H0rd4k's ghost
 11908 | D:10     | Lost mutation: You are weak. (Str -2) [potion of mutation]
 11908 | D:10     | Lost mutation: You are agile. (Dex +2) [potion of mutation]
 11908 | D:10     | Lost mutation: You are somewhat resistant to further
                  | mutation. [potion of mutation]
 11908 | D:10     | Gained mutation: Your body sometimes deteriorates upon
                  | taking damage. [potion of mutation]
 11908 | D:10     | Gained mutation: You have a pair of large horns on your
                  | head. [potion of mutation]
 11908 | D:10     | Gained mutation: Your mind is acute. (Int +2) [potion of
                  | mutation]
 11908 | D:10     | Gained mutation: You have large cloven feet. [potion of
                  | mutation]
 12004 | D:10     | Noticed Erolcha
 12004 | D:10     | Paralysed by Erolcha for 7 turns
 12018 | D:10     | Killed Erolcha
 12018 | D:10     | Reached skill level 10 in Armour
 12746 | D:11     | Reached ***** piety under the Shining One
 13098 | D:11     | Found Hausiz's Assorted Antiques.
 13106 | D:11     | Bought a scroll labeled ANKAYM TUGOAM for 25 gold pieces
 13106 | D:11     | Bought a scroll labeled WAPAOG RUSETELOONG for 25 gold
                  | pieces
 13241 | D:12     | Noticed Rupert
 13259 | D:12     | Slain by Rupert

Skill      XL: |  1  2  3  4  5  6  7  8  9 10 11 |
---------------+----------------------------------+-----
Long Blades    | 4 5 6 8 10 12 13 14 | 14.7
Armour         | 1 2 3 4 6 9 10 | 10.5
Dodging        | 4 5 6 |  6.6
Fighting       | 3 4 5 6 8 9 11 | 11.1
Evocations     | 1 2 |  2.6
Throwing       | |  2.0

Action                   |  1- 3 |  4- 6 |  7- 9 | 10-12 || total
-------------------------+-------+-------+-------+-------++-------
Melee: Long sword        |    71 |   119 |   391 |     1 ||   582
       Headbutt          |    12 |    24 |   128 |    56 ||   220
       Scimitar          |       |       |       |   252 ||   252
       Kick              |       |       |       |    22 ||    22
Evoke: Wand              |       |    17 |     3 |       ||    20
  Use: Scroll            |       |    10 |     4 |    10 ||    24
       Potion            |       |     4 |     7 |     5 ||    16
  Eat: Chunk             |     1 |    11 |     4 |     6 ||    22
       Ration            |       |       |     3 |     3 ||     6
Armor: Leather armour    |    14 |    32 |    29 |       ||    75
       Plate armour      |       |       |    20 |   110 ||   130
       Skin              |       |       |    20 |     3 ||    23
Dodge: Dodged            |    77 |    95 |   142 |    95 ||   409
       Deflected         |       |       |     7 |     5 ||    12
       Rpst.: Long sword |    16 |    28 |    45 |     1 ||    90
       Scimitar          |       |       |       |    22 ||    22
